 Dungeon Crawl Stone Soup version 0.26-a0-450-ge645bd13c1 (webtiles) character file.

Game seed: 11255277284729673653

7727 Morbidden the Thaumaturge (level 11, 0/62 HPs)
             Began as a Deep Elf Conjurer on July 27, 2020.
             Was an Elder of Cheibriados.
             Slain by a death yak (23 damage)
             ... on level 10 of the Dungeon.
             The game lasted 00:23:12 (11375 turns).

Morbidden the Thaumaturge (Deep Elf Conjurer)      Turns: 11375, Time: 00:23:13

Health: 0/62       AC:  8    Str: 16    XL:     11   Next: 0%
Magic:  11/38      EV: 19    Int: 33    God:    Cheibriados [****..]
Gold:   541        SH:  0    Dex: 25    Spells: 20/34 levels left

rFire    . . .     SeeInvis .   t - +0 long sword
rCold    x . .     Faith    .   o - +0 buckler
rNeg     . . .     Spirit   .   M - +0 steam dragon scales
rPois    .         Reflect  .   p - +1 helmet
rElec    .         Harm     .   r - +0 cloak
rCorr    .                      (no gloves)
MR       +....                  (no boots)
Stlth    +++.......             (no amulet)
HPRegen  0.20/turn              A - ring of Alah Zobi {Wiz rC- MP+9 Dex+3 Slay+3}
MPRegen  0.26/turn              v - ring of stealth

@: confused, very slow
A: no striking features
a: Bend Time, Temporal Distortion, Slouch, Renounce Religion


You were on level 10 of the Dungeon.
You worshipped Cheibriados.
Cheibriados was greatly pleased with you.
You visited 2 branches of the dungeon, and saw 11 of its levels.

You collected 541 gold pieces.

Inventory:

Hand Weapons
 t - a +0 long sword (weapon)
 E - a +1 vampiric dagger
Missiles
 b - a throwing net (quivered)
Armour
 o - a +0 buckler (worn)
 p - a +1 helmet (worn)
 r - a +0 cloak (worn)
 J - a scarf of shadows
 M - +0 steam dragon scales (worn)
Magical Staves
 G - an uncursed staff of cold
Jewellery
 l - an uncursed ring of protection from fire
 v - a ring of stealth (right hand)
 A - the ring of Alah Zobi (left hand) {Wiz rC- MP+9 Dex+3 Slay+3}
   (You found it on level 5 of the Dungeon)

   [ring of wizardry]

   It improves your spell success rate.
   It affects your dexterity (+3).
   It affects your accuracy and damage with ranged weapons and melee attacks
   (+3).
   It makes you vulnerable to cold.
   It affects your magic capacity (+9).
 C - an uncursed ring of flight
Wands
 f - a wand of enslavement (10)
 L - a wand of iceblast (4)
Scrolls
 a - a scroll of blinking {unknown}
 d - a scroll of immolation
 e - 2 scrolls of fog
 h - 2 scrolls of fear {unknown}
 j - 6 scrolls of remove curse
 m - 2 scrolls of amnesia
 n - a scroll of random uselessness {unknown}
 u - 2 scrolls of enchant armour
 B - a scroll of magic mapping {unknown}
 F - 2 scrolls of teleportation
Potions
 g - 4 potions of brilliance
 i - 4 potions of curing
 k - 2 potions of flight {unknown}
 q - a potion of heal wounds
 s - 3 potions of cancellation
 w - 3 potions of degeneration {unknown}
 x - 3 potions of stabbing {unknown}
 z - a potion of resistance {unknown}
 H - a potion of might {unknown}
 I - a potion of berserk rage {unknown}


   Skills:
 * Level 4.7 Fighting
 + Level 1.9 Long Blades
 * Level 7.1 Dodging
 + Level 6.1 Stealth
 - Level 4.0 Shields
 + Level 12.3 Spellcasting
 + Level 8.9 Conjurations
 + Level 0.2 Necromancy
 + Level 2.3 Translocations
 * Level 5.5 Invocations
 + Level 0.4 Evocations


You had 20 spell levels left.
You knew the following spells:

 Your Spells              Type           Power        Failure   Level
a - Magic Dart            Conj           ####         1%          1
b - Searing Ray           Conj           ######       1%          2
c - Fulminant Prism       Conj/Hex       #####.....   1%          4
s - Vampiric Draining     Necr           ###.......   2%          3
z - Iskenderun's Mystic   Conj/Tloc      ######..     1%          4

Your spell library contained the following spells:

 Spells                   Type           Power        Failure   Level
 Animate Skeleton         Necr           ###...       1%          1
 Pain                     Necr           ###.         1%          1
 Sting                    Tmut/Pois      ###.         1%          1
 Poisonous Vapours        Pois/Air       ###...       1%          2
 Dazzling Flash           Conj/Hex       #####.       1%          3
 Mephitic Cloud           Conj/Pois/Air  #####...     1%          3
 Ignite Poison            Fire/Tmut/Pois ###.....     2%          3
 Animate Dead             Necr           ###.......   9%          4
 Olgreb's Toxic Radiance  Pois           ###.....     9%          4
 Agony                    Necr           ###.....     22%         5


Dungeon Overview and Level Annotations

Branches:
Dungeon (10/15)            Temple (1/1) D:4            Lair (0/6) D:10
    Orc: D:9-12

Altars:
Ashenzari
Cheibriados
Dithmenos
Elyvilon
Fedhas
Gozag
Hepliaklqana
Kikubaaqudgha
Makhleb
Nemelex Xobeh
Okawaru
Qazlal
Ru
Sif Muna
Trog
Uskayaw
Vehumet
Wu Jian
Xom
Yredelemnul
Zin
The Shining One

Shops:
D:9 :([:

Annotations:
D:7 1 runed translucent door, iamserjio's ghost, weakling OpDe


Message History

You finish channeling your searing ray.
The death yak closely misses you.
Unknown command.
Unknown command.
Unknown command.
Unknown command.
Casting: Searing Ray (safe; 1% risk of failure)
Confirm with . or Enter, or press ? or * to list all spells.
Aiming: Searing Ray (safe; 1% risk of failure)
Press: ? - help, Shift-Dir - straight line, f/p - death yak
Aim: a death yak (severely wounded)
The searing ray hits the death yak!
The death yak is severely wounded. (Press . to maintain the ray.)
The death yak completely misses you.
Unknown command.
You are confused.
You feel invigorated. The death yak gores you!
* * * LOW HITPOINT WARNING * * *
The death yak gores you!!
You die...

#### #.# #.###.##.##......... #.#
#.........#####.#### #.#
#.....)...# #.# #.# #.#.#####.#
#.# ####.### #.#.# .# ##'##
##......## #.#.#####.# ##...##
#...#....# #.......[.###.....##
#..###...# ###.#.######.......#
###.## ##..#####@...####.......(.
.....###........Y......'.........
###(..#.#..#####....####.....Y...
#........# #.#.## ##.....†.#
#.###.##.# #.### ##...<.##
#)###.##.# #.. ##...## #((......#
##. ##'## #####.#### .# #9 #.# ..
..


You could see a death yak.

Vanquished Creatures
  Harold (D:8)
  A centaur warrior (D:10)
  An elephant (D:10)
  A gargoyle (D:10)
  A centaur skeleton (D:10)
  Psyche (D:8)
  Maggie (D:10)
  2 hippogriffs
  3 yaks (D:9)
  2 basilisks (D:10)
  4 orc warriors
  2 water moccasins
  A black bear (D:8)
  3 ice beasts
  A necrophage (D:8)
  6 ogres
  3 phantoms
  3 centaurs
  A crocodile (D:8)
  2 big kobolds
  A gnoll sergeant (D:8)
  7 bullfrogs
  A water moccasin zombie (D:8)
  3 scorpions
  2 wights (D:8)
  2 howler monkeys (D:4)
  2 bullfrog zombies
  3 hounds (D:9)
  2 orc wizards
  2 orc priests (D:6)
  Crazy Yiuf (D:3)
  3 worker ants
  A howler monkey zombie (D:7)
  A worker ant zombie (D:10)
  10 adders
  A howler monkey skeleton (D:4)
  10 gnolls
  2 shadow imps
  3 white imps
  An ufetubus (D:10)
  2 oozes
  2 worms
  5 dart slugs
  6 leopard geckos
  15 orcs
  3 ball pythons
  4 giant cockroaches
  6 goblins
  A hobgoblin (D:2)
  9 jackals
  3 bats
  3 frilled lizards
  14 kobolds
  A leopard gecko skeleton (D:7)
  A quokka skeleton (D:6)
  7 rats
180 creatures vanquished.

Vanquished Creatures (others)
  A fulminant prism (D:10)
  3 fungi (D:10)
4 creatures vanquished.

Grand Total: 184 creatures vanquished

Notes
Turn   | Place    | Note
-------+----------+-------------------------------------------
     0 | D:1      | Morbidden the Deep Elf Conjurer began the quest for the
                  | Orb.
     0 | D:1      | Reached XP level 1. HP: 10/10 MP: 6/6
   739 | D:1      | Reached XP level 2. HP: 15/15 MP: 2/8
  1146 | D:2      | Reached skill level 5 in Conjurations
  1147 | D:2      | Reached XP level 3. HP: 20/20 MP: 2/10
  1804 | D:2      | Reached XP level 4. HP: 24/24 MP: 7/11
  1858 | D:2      | Found an iron altar of Okawaru.
  2193 | D:2      | Learned a level 2 spell: Searing Ray
  2372 | D:3      | Reached skill level 4 in Spellcasting
  3045 | D:3      | Found a runed translucent door.
  3046 | D:3      | Noticed Crazy Yiuf
  3339 | D:3      | Killed Crazy Yiuf
  3339 | D:3      | Reached skill level 1 in Fighting
  3459 | D:4      | Noticed an ogre
  3466 | D:4      | Killed an ogre
  3466 | D:4      | Reached XP level 5. HP: 29/29 MP: 4/14
  3592 | D:4      | Noticed an ogre
  3607 | D:4      | Reached skill level 5 in Spellcasting
  3610 | D:4      | Killed an ogre
  3610 | D:4      | Reached skill level 1 in Shields
  3610 | D:4      | Reached XP level 6. HP: 34/34 MP: 4/16
  3704 | D:4      | Reached skill level 6 in Spellcasting
  3710 | D:4      | Reached XP level 7. HP: 39/39 MP: 4/18
  4109 | D:4      | Found a staircase to the Ecumenical Temple.
  4125 | Temple   | Entered the Ecumenical Temple
  4361 | Temple   | Became a worshipper of Cheibriados the Contemplative
  4440 | D:5      | Entered Level 5 of the Dungeon
  4795 | D:5      | Found Sigied's Book Shoppe.
  4939 | D:5      | Reached skill level 7 in Spellcasting
  5088 | D:5      | Found a shadowy altar of Dithmenos.
  5261 | D:5      | Got a fine tin ring
  5440 | D:6      | Reached skill level 1 in Invocations
  5582 | D:6      | Reached skill level 8 in Spellcasting
  5582 | D:6      | Reached XP level 8. HP: 42/44 MP: 6/22
  5720 | D:6      | Identified the ring of Alah Zobi {Wiz rC- MP+9 Dex+3
                  | Slay+3} (You found it on level 5 of the Dungeon)
  6183 | D:6      | Reached * piety under Cheibriados
  6334 | D:6      | Learned a level 4 spell: Iskenderun's Mystic Blast
  6407 | D:7      | Reached skill level 9 in Spellcasting
  6456 | D:7      | Noticed a hippogriff
  6462 | D:7      | Killed a hippogriff
  7082 | D:7      | Found a runed translucent door.
  7082 | D:7      | Noticed iamserjio's ghost (weakling OpDe)
  7266 | D:8      | Found a white marble altar of Elyvilon.
  7270 | D:8      | Reached skill level 5 in Stealth
  7387 | D:8      | Reached skill level 10 in Spellcasting
  7461 | D:8      | Reached XP level 9. HP: 50/50 MP: 19/25
  7640 | D:8      | Reached ** piety under Cheibriados
  7768 | D:8      | Reached skill level 5 in Dodging
  7790 | D:8      | Reached skill level 11 in Spellcasting
  7947 | D:8      | Noticed Psyche
  7954 | D:8      | Killed Psyche
  8496 | D:8      | Noticed Harold
  8523 | D:8      | Killed Harold
  8523 | D:8      | Reached *** piety under Cheibriados
  8523 | D:8      | Reached skill level 1 in Translocations
  8523 | D:8      | Reached XP level 10. HP: 28/56 MP: 12/27
  9327 | D:9      | Found Ycemur's Armour Emporium.
  9652 | D:9      | Found Kuz Qodd's Book Boutique.
  9700 | D:9      | Found Gogutz's Weapon Shop.
  9703 | D:9      | Found Dynio's Book Shoppe.
  9894 | D:10     | Entered Level 10 of the Dungeon
  9926 | D:10     | Reached skill level 1 in Long Blades
 10099 | D:10     | Noticed an elephant
 10101 | D:10     | Found a staircase to the Lair.
 10112 | D:10     | Killed an elephant
 10112 | D:10     | Reached skill level 5 in Invocations
 10131 | D:10     | Noticed a death yak
 10562 | D:10     | Reached skill level 12 in Spellcasting
 10778 | D:10     | Learned a level 3 spell: Vampiric Draining
 10898 | D:10     | Noticed Maggie
 10905 | D:10     | Killed Maggie
 10905 | D:10     | Reached **** piety under Cheibriados
 10974 | D:10     | Noticed a centaur warrior
 10980 | D:10     | HP: 2/58 [centaur warrior/arrow (20)]
 10992 | D:10     | Killed a centaur warrior
 11143 | D:10     | Noticed a cyan ugly thing
 11150 | D:10     | Noticed a gargoyle
 11349 | D:10     | Killed a gargoyle
 11349 | D:10     | Reached XP level 11. HP: 33/62 MP: 12/29
 11363 | D:10     | Learned a level 4 spell: Fulminant Prism
 11375 | D:10     | Slain by a death yak

Illustrated notes

Levels and vault maps discovered:
D:1:      dpeg_arrival_round_c, layout_basic, st_stairs_14,
          kennysheep_small_spiral, hex_intersection,
          chequers_serial_rivers_small_b
D:2:      layout_basic, okawaru_trees_2
D:3:      layout_basic, minmay_liquid_box, minmay_misc_feat_iff,
          uniq_crazy_yiuf_cottage
D:4:      layout_rooms, minmay_temple_entry_slanted
D:5:      layout_basic, nicolae_dithmenos_the_darkroom, serial_shops,
          nicolae_shop_crystal
D:6:      layout_rooms, minmay_misc_feat_roman
D:7:      layout_basic, ebering_ghost_inner_flame,
          chequers_serial_rivers_micro_b
D:8:      layout_basic, elyvilon_altar_4, uniq_psyche, uniq_harold
D:9:      layout_loops_ring, serial_shops, shop, shop,
          nicolae_shop_behind_doors, shop
D:10:     layout_loops_corners, david_lair_generic, uniq_maggie
Temple:   nicolae_temple_the_god_donut

Skill      XL: |  1  2  3  4  5  6  7  8  9 10 |
---------------+-------------------------------+-----
Conjurations   | 5 6 7 8 |  8.9
Spellcasting   | 4 5 6 8 10 11 12 | 12.3
Fighting       | 1 2 3 4 |  4.7
Dodging        | 3 4 6 7 |  7.1
Stealth        | 3 4 5 6 |  6.1
Shields        | 1 2 3 4 |  4.0
Invocations    | 1 2 4 5 |  5.5
Translocations | 1 2 |  2.3
Long Blades    | 1 |  1.9
Necromancy     | |  0.2
Evocations     | |  0.4

Action                   |  1- 3 |  4- 6 |  7- 9 | 10-12 || total
-------------------------+-------+-------+-------+-------++-------
Melee: Long sword        |       |       |    21 |    33 ||    54
 Cast: Magic Dart        |    68 |    59 |    94 |    43 ||   264
       Searing Ray       |       |    10 |    55 |    22 ||    87
       Iskenderun's Myst |       |       |    21 |    40 ||    61
       Vampiric Draining |       |       |       |     1 ||     1
       Fulminant Prism   |       |       |       |     1 ||     1
Evoke: Wand              |       |       |     3 |     2 ||     5
  Use: Scroll            |       |     1 |     9 |     6 ||    16
       Potion            |       |       |       |     5 ||     5
 Stab: Sleeping          |       |       |     1 |     1 ||     2
       Paralysed         |       |       |     5 |       ||     5
Armor: Robe              |     1 |       |     6 |     3 ||    10
       Steam dragon scal |       |       |       |     6 ||     6
Dodge: Dodged            |     9 |     1 |    39 |    70 ||   119
Block: Buckler           |       |       |    14 |    21 ||    35
       Rpst.: Long sword |       |       |     9 |    17 ||    26

Table legend: (Time is in decaauts)
 A = Elapsed time spent in this place.
 B = Non-inter-level travel time spent in this place.
 C = Inter-level travel time spent in this place.
 D = Time resting spent in this place.
 E = Time spent auto-exploring this place.
 F = Levels seen in this place.
 G = Mean time per level.
                   A        B        C        D        E       F      G
               +--------+--------+--------+--------+--------+-----+--------+
         Total |  13036 |  12401 |    635 |    831 |  10244 |  11 | 1185.1 |
       Dungeon |  12779 |  12144 |    635 |    831 |  10014 |  10 | 1277.9 |
        Temple |    257 |    257 |      0 |      0 |    230 |   1 |  257.0 |
               +--------+--------+--------+--------+--------+-----+--------+

Top non-repeatable levels by time:
     D:8: 2244 daAuts
    D:10: 1754 daAuts
     D:2: 1515 daAuts
     D:9: 1208 daAuts
     D:5: 1185 daAuts
     D:6: 1106 daAuts
     D:7: 1074 daAuts
     D:3: 1026 daAuts
     D:1: 855 daAuts
     D:4: 807 daAuts
  Temple: 257 daAuts
